 Dungeon Crawl Stone Soup version 0.27-a0-972-gd1521fd518 (webtiles) character file.

Game seed: 8719063070933321880

9 Alarkh the Insei (level 2, 21/21 HPs)
             Began as a Demonspawn Transmuter on Apr 13, 2021.
             Got out of the dungeon alive.
             The game lasted 00:00:24 (534 turns).

Alarkh the Insei (Demonspawn Transmuter)             Turns: 534, Time: 00:00:24

Health: 21/21      AC:  4    Str: 10    XL:     2   Next: 6%
Magic:  5/5        EV: 12    Int: 14    God:
Gold:   27         SH:  0    Dex: 13    Spells: 4/5 levels left

rFire    . . .     SeeInvis .     - Unarmed
rCold    . . .     Faith    .   (no shield)
rNeg     . . .     Spirit   .   a - +0 robe
rPois    .         Reflect  .   (no helmet)
rElec    .         Harm     .   (no cloak)
rCorr    .         Rampage  .   (no gloves)
Will     .....                  (no boots)
Stlth    +.........             (no amulet)
HPRegen  0.07/turn              (no ring)
MPRegen  0.09/turn              (no ring)

@: no status effects
A: slimy green scales 1
a: no special abilities


You escaped.
You visited 1 branch of the dungeon, and saw 1 of its levels.

You collected 27 gold pieces.

Inventory:

Armour
 a - a +0 robe (worn)


   Skills:
 + Level 1.2 Fighting
 - Level 1.7 Dodging
 * Level 2.9 Unarmed Combat
 + Level 2.1 Spellcasting
 + Level 1.9 Transmutations


You had 4 spell levels left.
You knew the following spells:

 Your Spells              Type           Power      Damage    Failure   Level
a - Beastly Appendage     Tmut           14%        N/A       11%         1

Your spell library contained the following spells:

 Spells                   Type           Power      Damage    Failure   Level
 Wereblood                Tmut           7%         N/A       16%         2
 Spider Form              Tmut/Pois      2%         N/A       43%         3
 Ice Form                 Ice/Tmut       4%         N/A       83%         4
 Hydra Form               Tmut           3%         N/A       96%         5


Dungeon Overview and Level Annotations

Branches:
Dungeon (1/15)

Altars:

Shops:
D:1 [


Innate Abilities, Weirdness & Mutations

You are partially covered in slimy green scales. (AC +2)


Message History

A bat is nearby!
Unknown command.
Casting: Beastly Appendage (safe; 11% risk of failure)
Confirm with . or Enter, or press ? or * to list all spells.
You grow a pair of large bovine horns.
Your feet morph into talons.
Unknown command.
Unknown command.
You barely miss the bat. Your kick misses the bat.
The bat hits you but does no damage.
Unknown command.
The bat hits you but does no damage.
Unknown command.
You barely miss the bat. The bat hits you but does no damage. x2
You completely miss the bat. The bat misses you. The bat closely misses you.
Found 14 sling bullets.
The bat barely misses you. The bat misses you.
You closely miss the bat. Your headbutt misses the bat.
Your transformation is almost over.
The bat completely misses you. The bat barely misses you.
The bat hits you but does no damage.
You hit the bat but do no damage. You claw the bat.
The bat is moderately wounded.
The bat closely misses you.
You closely miss the bat.
The bat is moderately wounded.
The bat barely misses you. The bat hits you.
You hit the bat.
You kill the bat!
No target in view!
Your horns disappear.
Your talons disappear.
You now have 27 gold pieces (gained 15).
You see here a +0 short sword.
Found Naoll's Armour Boutique.
There is an entrance to Naoll's Armour Boutique here.
Unknown command.
There is an open door here.
There is a staircase leading out of the dungeon here.
Are you sure you want to leave the Dungeon?
This will make you lose the game!
You have escaped!

#.......#
#...##..#
######..#
########
#.†#
#....#.#
#..#
#.##.'.#
#..#
#....#.#####
#..#
#....#.....#
#..#
#@...+..##.#
##.#
#....#.###.#
#.# #....#.#
#.# #.#
#.##.+.# #.#
#.# #....#.#
#.# #.#
######## #.#
#.# #.# #.#
#########.#
#.##
#.........#
#...


There were no monsters in sight!

Vanquished Creatures
  3 ball pythons (D:1)
  An endoplasm (D:1)
  A hobgoblin (D:1)
  A quokka (D:1)
  2 bats (D:1)
  2 rats (D:1)
10 creatures vanquished.

Notes
Turn   | Place    | Note
-------+----------+-------------------------------------------
     0 | D:1      | Alarkh the Demonspawn Transmuter began the quest for the
                  | Orb.
     0 | D:1      | Reached XP level 1. HP: 15/15 MP: 3/3
   373 | D:1      | Gained mutation: You are partially covered in slimy green
                  | scales. (AC +2) [demonic ancestry]
   373 | D:1      | Reached XP level 2. HP: 13/21 MP: 3/5
   448 | D:1      | Found Naoll's Armour Boutique.
   534 | D:$      | Got out of the dungeon alive.

Illustrated notes

Levels and vault maps discovered:
D:1:      lemuel_arrival_behind_the_door_small, layout_loops_ring, serial_shops,
          nicolae_shop_trees

Action                   || total
-------------------------++-------
Melee: Unarmed           ||    32
       Kick              ||     6
       Headbutt          ||     3
 Cast: Beastly Appendage ||     9
Armor: Robe              ||     9
Dodge: Dodged            ||    21

Table legend: (Time is in decaauts)
 A = Elapsed time spent in this place.
 B = Non-inter-level travel time spent in this place.
 C = Inter-level travel time spent in this place.
 D = Time resting spent in this place.
 E = Time spent auto-exploring this place.
 F = Levels seen in this place.
 G = Mean time per level.
                   A        B        C        D        E       F      G
               +--------+--------+--------+--------+--------+-----+--------+
         Total |    532 |    443 |     89 |      0 |    371 |   1 |  532.0 |
       Dungeon |    532 |    443 |     89 |      0 |    371 |   1 |  532.0 |
               +--------+--------+--------+--------+--------+-----+--------+

Top non-repeatable levels by time:
     D:1: 532 daAuts
